 Dungeon Crawl Stone Soup version 0.24-a0-613-g1ff6aac (webtiles) character file.

Game seed: 7596225416991739857, levelgen mode: deterministic

74 paralogiki the Covered (level 4, -1/37 HPs)
             Began as a Barachi Fighter on Sept 10, 2019.
             Succumbed to an orc wizard's poison
             ... on level 4 of the Dungeon.
             The game lasted 00:03:12 (941 turns).

paralogiki the Covered (Barachi Fighter)             Turns: 941, Time: 00:03:13

Health: -1/37      AC:  7    Str: 20 (22) XL:     4   Next: 28%
Magic:  4/4        EV:  7    Int:  5 (8)  God:
Gold:   99         SH:  9    Dex: 10 (13) Spells: 3/3 levels left

rFire    . . .     SeeInvis .   g - +1 hand axe (chop)
rCold    . . .     Gourm    .   c - +0 shield
rNeg     . . .     Faith    .   b - +0 scale mail
rPois    .         Spirit   .   (no helmet)
rElec    .         Reflect  .   (no cloak)
rCorr    .         Harm     .   (no gloves)
MR       .....                  (no boots)
Stlth    ..........             (no amulet)
HPRegen  0.12/turn              (no ring)
MPRegen  0.09/turn              (no ring)

@: mighty, lethally poisoned (-1 -> -19), can't hop, slow
A: +LOS, swims, slowness 1, strong legs 1
a: Hop


You were on level 4 of the Dungeon.
You were not hungry.

You visited 1 branch of the dungeon, and saw 3 of its levels.

You collected 99 gold pieces.

Inventory:

Hand Weapons
 g - a +1 hand axe of chopping (weapon)
   (You found it on level 1 of the Dungeon)
Armour
 b - a +0 scale mail (worn)
 c - a +0 shield (worn)
Jewellery
 j - an uncursed ring of positive energy {unknown}
   (You found it on level 4 of the Dungeon)
Potions
 a - a potion of ambrosia {unknown}
 e - 2 potions of mutation {!q}
 h - a potion of resistance {unknown}
 i - a potion of flight {unknown}
Comestibles
 f - 5 rations
 k - a chunk of flesh {@w0}


   Skills:
 + Level 4.2 Fighting
 * Level 3.5 Axes
 + Level 4.2 Armour
 + Level 3.8 Shields


You had 3 spell levels left.
You didn't know any spells.
Your spell library contained the following spells:

 Spells                   Type           Power        Failure   Level  Hunger
 Corona                   Hex            #......      99%         1    ##.....
 Ensorcelled Hibernation  Hex/Ice        #.....       100%        2    ###....
 Confuse                  Hex            #.......     100%        3    ####...
 Dazzling Spray           Conj/Hex       #.....       100%        3    ####...
 Tukima's Dance           Hex            #.......     100%        3    ####...


Dungeon Overview and Level Annotations

Branches:
Dungeon (2/15)

Altars:
Gozag


Innate Abilities, Weirdness & Mutations

Shadows flee at your approach. (+LOS)
You can swim through water.
You cover ground slowly.
You can hop short distances.


Message History

Okay, then.
You don't know any spells.
Firing (i - inventory) No suitable missiles.
Okay, then.
You don't know any spells.
Firing (i - inventory) No suitable missiles.
Okay, then.
Hop to where?
Boing!
A leopard gecko comes into view.
The leopard gecko hisses angrily.
The leopard gecko bites you but does no damage.
The leopard gecko barely misses you.
The leopard gecko bites you but does no damage.
The leopard gecko bites you but does no damage.
The leopard gecko bites you but does no damage.
You see here a twisted agate ring.
j - a twisted agate ring The leopard gecko barely misses you.
You block the leopard gecko's attack. The leopard gecko barely misses you.
The orc wizard gestures wildly while chanting.
The orc wizard seems to speed up.
The leopard gecko bites you but does no damage.
An iguana comes into view.
The leopard gecko bites you but does no damage.
Found a stone staircase leading down.
The orc wizard gestures wildly while chanting.
The orc wizard flickers and vanishes!
Deactivating autopickup; reactivate with Ctrl-A.
The leopard gecko barely misses you.
A gnoll comes into view. It is wielding a +0 whip.
A gnoll shaman comes into view. It is wielding a +0 whip.
The gnoll shaman shouts!
The iguana completely misses you.
A gnoll comes into view.
A puff of frost appears from out of thin air!
The puff of frost misses you.
The leopard gecko bites you but does no damage.
The iguana bites you!
You take 7 damage, and have 23/30 hp.
MASSIVE DAMAGE!!
The iguana closely misses you. The leopard gecko bites you.
You take 2 damage, and have 21/30 hp.
You feel very mighty all of a sudden.
A gnoll comes into view. It is wielding a +0 spear.
The iguana completely misses you.
The leopard gecko bites you but does no damage.
You hit the leopard gecko. You slash the iguana!
The leopard gecko bites you but does no damage.
The iguana bites you.
You take 4 damage, and have 17/30 hp.
You miss the leopard gecko. You hit the iguana.
You kill the iguana!
You have reached level 4!
You feel agile. You block the leopard gecko's attack.
The orc hits you but does no damage. The leopard gecko barely misses you.
You regained 5 hp, and now have 22/37 hp.
MP restored: 4 You closely miss the leopard gecko.
You closely miss the orc. You barely miss something.
The gnoll shouts!
You hear some strange, mumbled words.
A puff of flame appears from out of thin air!
The puff of flame hits you!
A gnoll comes into view. It is wielding a +0 club.
The leopard gecko bites you but does no damage.
You hear some strange, mumbled words.
A magic dart appears from out of thin air!
The magic dart hits you but does no damage.
You block the orc's attack.
You take 9 damage, and have 13/37 hp.
MASSIVE DAMAGE!!
You hit the leopard gecko.
You kill the leopard gecko!
You closely miss something. You hit the orc but do no damage.
Something hits you but does no damage.
You are poisoned.
An adder comes into view.
You block the orc's attack. Something hits you.
* * * LOW HITPOINT WARNING * * *
You are more poisoned.
You take 4 damage, and have 9/37 hp.
You slash the orc!
You kill the orc!
You closely miss the orc. You closely miss something.
* * * LOW HITPOINT WARNING * * *
You feel sick.
You hear some strange, mumbled words.
A puff of frost appears from out of thin air!
The puff of frost hits you.
* * * LOW HITPOINT WARNING * * *
You block the orc's attack.
You take 8 damage, and have 1/37 hp.
MASSIVE DAMAGE!!
It was a potion of degeneration.
There was something very wrong with that liquid.
You feel weakened.
You feel dopey.
You feel clumsy.
You die...

#### #..## ..
#...## ..g
....## .g?.
##..#.##....
##..>..#.....
#@gggg.S.....
##o....g.....
#.....##....
##...........
#.....#......
#
##.......#...
#
##........##
# #..####...#
##
#..#####..##
.##


You could see a gnoll shaman, 4 gnolls, an adder and an orc.

Vanquished Creatures
  An iguana (D:4)
  A hound skeleton (D:4)
  A dart slug (D:2)
  A leopard gecko (D:4)
  An orc (D:4)
  A ball python (D:1)
  A giant cockroach (D:2)
  5 goblins
  5 hobgoblins
  3 kobolds (D:1)
  A quokka (D:4)
  A ball python skeleton (D:4)
  2 bats
  6 frilled lizards
  A jackal skeleton (D:4)
  3 rats (D:1)
34 creatures vanquished.

Notes
Turn   | Place    | Note
-------+----------+-------------------------------------------
     0 | D:1      | paralogiki the Barachi Fighter began the quest for the Orb.
     0 | D:1      | Reached XP level 1. HP: 18/18 MP: 1/1
   141 | D:1      | Reached XP level 2. HP: 25/25 MP: 2/2
   679 | D:2      | Reached XP level 3. HP: 29/30 MP: 3/3
   690 | D:2      | Reached skill level 3 in Axes
   737 | D:2      | Reached skill level 4 in Armour
   816 | D:2      | You fall into a shaft and drop 2 floors!
   816 | D:4      | Found an opulent altar of Gozag.
   822 | D:4      | Reached skill level 4 in Fighting
   937 | D:4      | Reached XP level 4. HP: 22/37 MP: 4/4
   939 | D:4      | HP: 9/37 [something (4)]
   940 | D:4      | HP: 1/37 [something/puff of frost (6)]
   941 | D:4      | Succumbed to an orc wizard's poison

Levels and vault maps discovered:
D:1:      roderic_crossed_star, layout_loops_ring
D:2:      minmay_chambers_of_ones, layout_loops_ring,
          nicolae_overflow_crystal_walls, minitemple, serial_park_tiny_pond
D:4:      layout_cave_pools, kennysheep_little_box, first_ration

Skill      XL: |  1  2  3 |
---------------+----------+-----
Axes           | 3 |  3.5
Armour         | 4 |  4.2
Fighting       | 4 |  4.2
Shields        | |  3.8

Action                   |  1- 3 |  4- 6 || total
-------------------------+-------+-------++-------
Melee: War axe           |    37 |       ||    37
       Whip              |    53 |       ||    53
       Hand axe          |    15 |     3 ||    18
 Abil: Hop               |     1 |       ||     1
  Use: Scroll            |     5 |       ||     5
       Potion            |     1 |     1 ||     2
  Eat: Chunk             |     1 |       ||     1
Armor: Scale mail        |    54 |     3 ||    57
Dodge: Dodged            |    37 |     1 ||    38
Block: Shield            |    41 |     4 ||    45

Table legend:
 A = Non-vault XP
 B = Vault XP
 C = Vault XP percentage of total XP
 D = Non-vault monster count
 E = Vault monster count
 F = Vault count percentage of total count
                 A         B        C        D         E       F
            +---------+---------+-------+---------+---------+-------
      Total |     106 |       0 |   0.0 |      34 |       0 |   0.0
            +---------+---------+-------+---------+---------+-------
        D:1 |      28 |       0 |   0.0 |      19 |       0 |   0.0
        D:2 |      14 |       0 |   0.0 |       7 |       0 |   0.0
        D:4 |      64 |       0 |   0.0 |       8 |       0 |   0.0
            +---------+---------+-------+---------+---------+-------

Levels and vault maps discovered:
D:1:      roderic_crossed_star, layout_loops_ring
D:2:      minmay_chambers_of_ones, layout_loops_ring,
          nicolae_overflow_crystal_walls, minitemple, serial_park_tiny_pond
D:4:      layout_cave_pools, kennysheep_little_box, first_ration

Table legend:
 A = Turns spent in this place as a percentage of turns spent in the entire game.
 B = Non-inter-level travel turns spent in this place as a percentage of non-inter-level travel turns spent in the entire game.
 C = Inter-level travel turns spent in this place as a percentage of turns spent in this place.
 D = Turns resting spent in this place as a percentage of non-inter-level travel turns spent in this place.
 E = Turns spent auto-exploring this place as a percentage of non-inter-level travel turns spent in this place.
 F = Non-inter-level travel turns spent in this place divided by the number of levels of this place that you've seen.
                   A       B       C       D       E      F
               +-------+-------+-------+-------+-------+----------------------
         Total | 100.0 | 100.0 |   8.1 |   0.0 |  70.1 | 288.3
       Dungeon | 100.0 | 100.0 |   8.1 |   0.0 |  70.1 | 288.3
               +-------+-------+-------+-------+-------+----------------------

Table legend:
 A = Kills in this place as a percentage of kills in entire the game.
 B = Kills by you in this place as a percentage of kills by you in the entire game.
 C = Kills by friends in this place as a percentage of kills by friends in the entire game.
 D = Other kills in this place as a percentage of other kills in the entire game.
 E = Experience gained in this place as a percentage of experience gained in the entire game.
 F = Experience gained in this place divided by the number of levels of this place that you have seen.
                   A       B       C       D       E      F
               +-------+-------+-------+-------+-------+----------------------
         Total | 100.0 | 100.0 |   N/A |   N/A | 100.0 |  35.3
       Dungeon | 100.0 | 100.0 |   N/A |   N/A | 100.0 |  35.3
               +-------+-------+-------+-------+-------+----------------------
